 Dungeon Crawl Stone Soup version 0.29-a0-194-g6e3aafee17 (webtiles) character file.

Game seed: 12955791810928125785

635042 frimble the Sorcerer (level 27, -3/217 HPs)
             Began as a Gnoll Ice Elementalist on Feb 22, 2022.
             Was the Champion of Cheibriados.
             Killed from afar by Puugye the pandemonium lord (45 damage)
             ... with a great icy blast
             ... on level 5 of a ziggurat.
             The game lasted 02:10:52 (63192 turns).

frimble the Sorcerer (Gnoll Ice Elementalist)      Turns: 63192, Time: 02:10:53

Health: -3/217     AC: 39    Str: 26    XL:     27
Magic:  29/51      EV: 30    Int: 58    God:    Cheibriados [******]
Gold:   5982       SH:  0    Dex: 27    Spells: 16/74 levels left

rFire   + . .      SeeInvis .   K - +9 trident "Ysosexz Buvo" {protect, Will+ rCorr Int+9 Dex-2}
rCold   + + .      Faith    .   (no shield)
rNeg    + + +      Spirit   .   b - +4 troll leather armour
rPois   ∞          Reflect  .   B - +2 helmet
rElec   +          Harm     .   Z - scarf {rC+ rF+}
rCorr   +          Rampage  .   o - +2 pair of gloves {hurl}
Will    +++++                   N - +2 pair of boots {Stlth+}
Stlth   ++++++++..              O - amulet of regeneration
HPRegen 2.06/turn               m - ring "Kisiwis" {Fly rElec rN+ AC+4 Int+5}
MPRegen 0.32/turn               z - ring "Karus" {Will+ Int+5}

@: lich-form, frozen, under a protective aura, flying, studying Throwing, very
slow
A: draining attack, torment immunity, no potions, fangs 1, strong nose,
distributed training
}: 4/15 runes: serpentine, barnacled, silver, abyssal
a: End Transformation, Renounce Religion, Bend Time, Temporal Distortion,
Slouch, Step From Time


You were on level 5 of a ziggurat.
You worshipped Cheibriados.
Cheibriados was exalted by your worship.
You were an undead lich.
You visited 8 branches of the dungeon, and saw 43 of its levels.
You visited the Abyss 1 time.
You visited 1 ziggurat, and saw 5 of its levels.
You also visited: Ice Cave and Desolation.

You collected 9702 gold pieces.
You spent 3720 gold pieces at shops.

Inventory:

Hand Weapons
 K - the +9 trident "Ysosexz Buvo" (weapon) {protect, Will+ rCorr Int+9 Dex-2}
   (You found it on level 9 of the Dungeon)

   It grants its wielder temporary protection when it strikes (+7 to AC).
   Int:       It affects your intelligence (+9).
   Dex:       It affects your dexterity (-2).
   rCorr:     It protects you from acid and corrosion.
   Will:      It increases your willpower.
 R - the +12 battleaxe of Beurgh {vorpal, rF+ Int+4 Dex+3}
   (You took it off a yaktaur captain on level 5 of the Vaults)

   It inflicts extra damage upon your enemies.
   Int:       It affects your intelligence (+4).
   Dex:       It affects your dexterity (+3).
   rF:        It protects you from fire.
Missiles
 F - 6 throwing nets
 J - 14 javelins
 U - 18 silver javelins
Armour
 b - a +4 troll leather armour (worn)
 o - a +2 pair of gloves of hurling (worn)
 q - +0 ice dragon scales
 B - a +2 helmet (worn)
 N - a +2 pair of boots of stealth (worn)
 X - a +0 kite shield of cold resistance
 Z - a scarf of resistance (worn)
Jewellery
 m - the ring "Kisiwis" (left hand) {Fly rElec rN+ AC+4 Int+5}
   (You found it in the Desolation of Salt)

   [ring of protection]

   AC:        It affects your AC (+4).
   Int:       It affects your intelligence (+5).
   rElec:     It insulates you from electricity.
   rN:        It protects you from negative energy.
   Fly:       It grants you flight.
 v - the ring "Bom Xoili" {rF+ Int+4 SInv}
   (You found it in the Desolation of Salt)

   [ring of protection from fire]

   Int:       It affects your intelligence (+4).
   rF:        It protects you from fire.
   SInv:      It lets you see invisible.
 z - the ring "Karus" (right hand) {Will+ Int+5}
   (You acquired it on level 5 of the Dungeon)

   [ring of willpower]

   Int:       It affects your intelligence (+5).
   Will:      It increases your willpower.
 M - an amulet of magic regeneration
 O - an amulet of regeneration (around neck)
 P - a ring of protection from fire
Wands
 p - a wand of acid (4)
 H - a wand of iceblast (30)
 V - a wand of paralysis (21)
Scrolls
 a - 9 scrolls of blinking
 c - 2 scrolls of summoning
 e - 8 scrolls of amnesia
 f - 18 scrolls of teleportation
 h - 4 scrolls of silence
 j - 12 scrolls of fog
 k - 5 scrolls of enchant weapon
 n - 7 scrolls of immolation
 t - a scroll of enchant armour
 u - 2 scrolls of brand weapon
 C - 6 scrolls of magic mapping
 L - 5 scrolls of torment
 Q - 9 scrolls of fear
 W - 3 scrolls of holy word
Potions
 d - 4 potions of resistance
 g - 9 potions of mutation
 i - 6 potions of flight
 l - 21 potions of curing
 r - 6 potions of berserk rage
 s - 5 potions of lignification
 w - 10 potions of attraction
 x - 11 potions of might
 A - 6 potions of ambrosia
 D - 3 potions of magic
 E - 8 potions of cancellation
 G - 11 potions of brilliance
 I - 3 potions of heal wounds
 S - 2 potions of invisibility
 T - 5 potions of haste
Miscellaneous
 y - a condenser vane
 Y - a tin of tremorstones (2/2)


   Skills:
 + Level 18.0 Fighting
 + Level 18.0 Short Blades
 + Level 18.0 Long Blades
 + Level 18.0 Axes
 + Level 18.0 Maces & Flails
 + Level 18.0 Polearms
 + Level 18.0 Staves
 + Level 18.0 Slings
 + Level 18.0 Bows
 + Level 18.0 Crossbows
 + Level 21.6 Throwing
 + Level 18.0 Armour
 + Level 18.4 Dodging
 + Level 18.4 Stealth
 + Level 18.0 Shields
 + Level 18.0 Unarmed Combat
 + Level 24.1 Spellcasting
 + Level 15.3 Conjurations
 + Level 15.3 Hexes
 + Level 15.3 Summonings
 + Level 15.3 Necromancy
 + Level 15.3 Translocations
 + Level 15.3 Transmutations
 + Level 15.3 Fire Magic
 + Level 16.7 Ice Magic
 + Level 15.3 Air Magic
 + Level 15.3 Earth Magic
 + Level 15.3 Poison Magic
 + Level 19.4 Invocations
 + Level 18.0 Evocations


You had 16 spell levels left.
You knew the following spells:

 Your Spells              Type           Power      Damage    Failure   Level
a - Ignition              Fire           64%        3d17      1%          8
b - Shatter               Erth           64%        3d47*     24%         9
c - Ozocubu's Armour      Ice            100%       N/A       0%          3
d - Fireball              Conj/Fire      64%        3d24      0%          5
e - Irradiate             Conj/Tmut      64%        3d34      0%          5
f - Freezing Cloud        Conj/Ice/Air   64%        6-21      0%          5
g - Summon Cactus Giant   Summ           64%        N/A       1%          6
h - Blink                 Tloc           100%       N/A       0%          2
i - Passwall              Tmut/Erth      100%       N/A       0%          2
j - Passage of Golubria   Tloc           100%       N/A       0%          4
k - Apportation           Tloc           100%       N/A       0%          1
l - Necromutation         Tmut/Necr      76%        N/A       1%          8

Your spell library contained the following spells:

 Spells                   Type           Power      Damage    Failure   Level
 Animate Skeleton         Necr           100%       N/A       0%          1
 Beastly Appendage        Tmut           100%       N/A       0%          1
 Foxfire                  Conj/Fire      100%       2x1d9     0%          1
 Freeze                   Ice            100%       1d11      0%          1
 Magic Dart               Conj           100%       1d8       0%          1
 Pain                     Necr           100%       1d9       0%          1
 Sandblast                Erth           100%       2d20      0%          1
 Shock                    Conj/Air       100%       1d9       0%          1
 Sting                    Tmut/Pois      100%       1d8       0%          1
 Summon Small Mammal      Summ           100%       N/A       0%          1
 Corpse Rot               Necr/Air       100%       N/A       0%          2
 Ensorcelled Hibernation  Hex/Ice        100%       N/A       0%          2
 Poisonous Vapours        Pois/Air       100%       N/A       0%          2
 Scorch                   Fire           100%       2d10      0%          2
 Searing Ray              Conj           100%       2d8       0%          2
 Static Discharge         Conj/Air       100%       N/A       0%          2
 Sublimation of Blood     Necr           100%       N/A       0%          2
 Wereblood                Tmut           100%       N/A       0%          2
 Call Canine Familiar     Summ           100%       N/A       0%          3
 Confusing Touch          Hex            100%       N/A       0%          3
 Conjure Flame            Conj/Fire      100%       6-21      0%          3
 Dazzling Flash           Conj/Hex       100%       N/A       0%          3
 Frozen Ramparts          Ice            100%       1d12      0%          3
 Gell's Gravitas          Tloc           100%       N/A       0%          3
 Ignite Poison            Fire/Tmut/Pois 100%       N/A       0%          3
 Inner Flame              Hex/Fire       100%       N/A       0%          3
 Lesser Beckoning         Tloc           100%       N/A       0%          3
 Portal Projectile        Hex/Tloc       100%       N/A       0%          3
 Spider Form              Tmut/Pois      100%       N/A       0%          3
 Stone Arrow              Conj/Erth      100%       3d13      0%          3
 Summon Guardian Golem    Hex/Summ       100%       N/A       0%          3
 Swiftness                Air            100%       N/A       0%          3
 Teleport Other           Tloc           100%       N/A       0%          3
 Tukima's Dance           Hex            100%       N/A       0%          3
 Airstrike                Air            64%        N/A       0%          4
 Anguish                  Hex/Necr       76%        N/A       0%          4
 Animate Armour           Summ/Erth      100%       N/A       0%          4
 Animate Dead             Necr           76%        N/A       0%          4
 Cause Fear               Hex            64%        N/A       0%          4
 Dispel Undead            Necr           100%       3d31      0%          4
 Flame Wave               Conj/Fire      100%       2d17      0%          4
 Fulminant Prism          Conj/Hex       64%        3d27      0%          4
 Hailstorm                Conj/Ice       100%       3d20      0%          4
 Ice Form                 Ice/Tmut       100%       N/A       0%          4
 Iskenderun's Mystic Bla  Conj/Tloc      100%       2d19      0%          4
 Leda's Liquefaction      Hex/Erth       64%        N/A       0%          4
 Olgreb's Toxic Radiance  Pois           100%       N/A       0%          4
 Petrify                  Tmut/Erth      100%       N/A       0%          4
 Sticky Flame             Conj/Fire      100%       2d11      0%          4
 Summon Ice Beast         Ice/Summ       100%       N/A       0%          4
 Agony                    Necr           100%       N/A       0%          5
 Alistair's Intoxication  Tmut/Pois      85%        N/A       0%          5
 Blade Hands              Tmut           64%        N/A       0%          5
 Excruciating Wounds      Necr           76%        N/A       0%          5
 Iskenderun's Battlesphe  Conj           100%       2d15      0%          5
 Lee's Rapid Deconstruct  Erth           64%        3d30*     0%          5
 Lightning Bolt           Conj/Air       64%        1d87      0%          5
 Manifold Assault         Tloc           100%       N/A       0%          5
 Metabolic Englaciation   Hex/Ice        65%        N/A       0%          5
 Yara's Violent Unravell  Hex/Tmut       64%        3d24      0%          5
 Conjure Ball Lightning   Conj/Air       64%        3x3d23    1%          6
 Dispersal                Tloc           64%        N/A       1%          6
 Simulacrum               Ice/Necr       77%        N/A       1%          6
 Starburst                Conj/Fire      64%        6d17      1%          6
 Statue Form              Tmut/Erth      85%        N/A       1%          6
 Dragon Form              Tmut           64%        N/A       1%          7
 Enfeeble                 Hex            64%        N/A       1%          7
 Haunt                    Necr/Summ      76%        N/A       1%          7
 Malign Gateway           Summ/Tloc      64%        N/A       1%          7
 Monstrous Menagerie      Summ           64%        N/A       1%          7
 Orb of Destruction       Conj           64%        9d15      1%          7
 Ozocubu's Refrigeration  Ice            66%        4d18      1%          7
 Spellforged Servitor     Conj/Summ      64%        N/A       1%          7
 Storm Form               Tmut/Air       64%        N/A       1%          7
 Borgnjor's Revivificati  Necr           76%        N/A       1%          8
 Discord                  Hex            64%        N/A       1%          8
 Disjunction              Tloc           64%        N/A       1%          8
 Infestation              Necr           76%        N/A       1%          8
 Lehudib's Crystal Spear  Conj/Erth      64%        10d15     1%          8
 Maxwell's Capacitive Co  Air            64%        ∞         1%          8
 Chain Lightning          Conj/Air       64%        3d85      24%         9
 Death's Door             Necr           76%        N/A       24%         9
 Dragon's Call            Summ           64%        N/A       24%         9
 Fire Storm               Conj/Fire      64%        8d16      24%         9


Dungeon Overview and Level Annotations

Branches:
Dungeon (15/15)            Temple (0/1) D:5            Lair (6/6) D:8
 Shoals (4/4) Lair:4        Snake (4/4) Lair:4        Slime (0/5) Lair:5
    Orc (2/2) D:12            Elf (3/3) Orc:2        Vaults (5/5) D:14
  Crypt (0/3) Vaults:3     Depths (4/4) D:15            Zot (0/5) Depths:4
  IceCv (visited)         Desolation (visited)

Altars:
Ashenzari
Cheibriados
Elyvilon
Fedhas
Gozag
Hepliaklqana
Makhleb
Ru
Trog
Vehumet
Wu Jian
Xom
Yredelemnul
The Shining One
Beogh

Shops:
D:1 [[(   D:6 *   D:13 [=!?   D:14 *   Orc:2 ==[[   Elf:3 ?   Vaults:3 [
Vaults:5 !!!!?!?   Depths:1 *

Portals:
Hell: Lair:6 Depths:1 Depths:2 Depths:3 Depths:4
Abyss: Depths:1 Depths:3 Depths:4
Pandemonium: Depths:2
Trove: Depths:2 (give +6 ice dragon scales)

Annotations:
D:12 1 runed translucent door, YayAnonymity's ghost, journeyman GnBe
Elf:2 3 runed translucent doors


Innate Abilities, Weirdness & Mutations

You are an undead lich.
Your unarmed attacks are suffused with negative energy.
You are immune to unholy pain and torment.
Your necromantic spells are more powerful.
You cannot drink.
You are immune to poison.
You have very sharp teeth.
Your uncanny sense of smell can sniff out nearby items.
Your experience applies equally to all skills.


Message History

Puugye is engulfed in freezing vapours.
Puugye completely misses you.
You hit Puugye. Your punch misses Puugye. Your bite misses Puugye.
Puugye is heavily wounded.
You are engulfed in freezing vapours.
You resist.
Puugye is engulfed in freezing vapours.
Puugye gestures at you. The bolt of lightning misses you.
You are too injured to fight recklessly!
You are too injured to fight recklessly!
You are too injured to fight recklessly!
You are too injured to fight recklessly!
You are too injured to fight recklessly!
Casting: Ignition (mildly dangerous; 1% risk of failure)
Confirm with . or Enter, or press ? or * to list all spells.
You blink.
Found four items.
Found two gates leading back out of this place.
Found a stone staircase leading down.
Puugye is engulfed in freezing vapours.
Puugye sneers, "Thy skull shall be my snack!"
Okay, then.
Found a scroll of blinking.
Puugye is engulfed in freezing vapours.
Puugye gestures at you.
Puugye conjures a mighty blast of ice!
The great icy blast engulfs you!! You partially resist.
You are encased in ice.
Puugye is engulfed in freezing vapours.
Puugye gestures at you.
Puugye conjures a mighty blast of ice!
The great icy blast engulfs you!!! You partially resist.
Puugye is engulfed in freezing vapours.
Puugye gestures at you.
Puugye conjures a mighty blast of ice!
The great icy blast engulfs you!!! You partially resist.
* * * LOW HITPOINT WARNING * * *
Blink to where?
Press: ? - help, Dir - move target, p - Puugye
As you read the scroll of blinking, it crumbles to dust.
Puugye is engulfed in freezing vapours.
Puugye gestures at you.
Puugye conjures a mighty blast of ice!
The great icy blast engulfs you!!! You partially resist.
You die...

▓▓▓▓▓▓▓▓▓
▓.......▓
▓.......▓
▓▓▓▓.......▓▓▓▓
▓°°§°.....§§§§▓
▓○☼☼§§...§§§§§▓
▓○°☼○☼§.§§§§§§▓
▓○§§☼§.&§§§§§L▓
▓.○§§§§§§§§§§∩▓
▓☼☼○☼§§§§§§§☼?▓
▓°○○§.☼§§§§☼☼.▓
▓▓▓▓..§§§§§▓▓▓▓
▓..§§§§§▓
▓..§§§§§▓
▓▓▓▓▓▓▓▓▓


You could see Puugye.

Vanquished Creatures
  2 dread liches (Abyss:5)
  5 ancient liches
  A juggernaut (Depths:3)
  A pandemonium lord (Zig:3)
  Sojobo (Vaults:5)
  Boris (Vaults:3)
  Margery (Vaults:5)
  Vashnia (Snake:3)
  Xtahua (Vaults:2)
  Saint Roka (Snake:4)
  3 golden dragons
  A bone dragon (Abyss:1)
  10 tentacled monstrosities
  5 liches
  Asterion (Snake:3)
  3 deep elf master archers (Elf:3)
  2 deep elf blademasters (Elf:3)
  8 quicksilver dragons
  6 titans
  A walking divine tome (Depths:3)
  An Executioner (Zig:5)
  Polyphemus (Shoals:2)
  3 sphinxes
  Frances (Shoals:1)
  11 tengu reavers
  5 draconian monks (Depths:4)
  Ilsuiw (Shoals:2)
  5 storm dragons
  Donald (Orc:2)
  21 fire giants
  A revenant (Vaults:3)
  4 nagarajas
  5 shadow dragons
  2 iron dragons (Vaults:5)
  13 frost giants
  An orc warlord (Orc:1)
  An azure jelly (Lair:5)
  2 imperial myrmidons (Desolation)
  8 deep elf sorcerers
  A draconian scorcher (Depths:4)
  Aizul (Snake:3)
  Louise (Shoals:1)
  4 draconian annihilators (Depths:4)
  17 vault wardens
  2 spriggan defenders
  26 stone giants
  The ghost of siradein the Unseen, a journeyman NaIE of Cheibriados (Lair:6)
  9 deep elf elementalists (Elf:3)
  2 demonspawn corrupters (Zig:5)
  2 war gargoyles (Vaults:5)
  10 ironbound thunderhulks
  25 ironbound preservers
  Nessos (D:13)
  30 very ugly things
  2 vampire knights
  3 deep elf demonologists
  6 black draconians (Depths:4)
  9 deep elf annihilators
  2 entropy weavers
  2 purple draconians (Depths:4)
  A halazid warlock (Desolation)
  4 green draconians (Depths:4)
  12 dire elephants
  An eleionoma (shapeshifter) (D:11)
  Azrael (Orc:2)
  Snorg (D:13)
  A spark wasp (Depths:2)
  A spark wasp (shapeshifter) (Abyss:5)
  6 white draconians (Depths:4)
  6 red draconians (Depths:4)
  11 deep elf death magi
  13 ettins
  A crystal guardian (Desolation)
  6 merfolk javelineers
  2 jiangshi (Depths:1)
  Josephine (D:11)
  9 merfolk impalers
  The ghost of Ydeghy the Slicer, a journeyman OpWr (D:14)
  12 deep elf high priests
  2 boulder beetles (Vaults:4)
  3 salamander tyrants (Snake:4)
  12 fire dragons
  11 great orbs of eyes
  16 yaktaur captains
  3 rakshasas
  A hell beast (Zig:5)
  17 naga warriors
  A catoblepas (Shoals:2)
  7 ragged hierophants (Desolation)
  33 vault guards
  14 peacekeepers (Desolation)
  7 hydras
  12 ice dragons
  9 servants of whispers
  10 ironbound frosthearts
  4 ogre magi
  7 spriggan air magi
  2 alligator snapping turtles
  12 centaur warriors
  5 merfolk aquamancers
  9 anacondas
  6 merfolk avatars
  7 death yaks
  16 two-headed ogres
  3 death knights
  7 deep troll shamans
  25 dancing weapons
  2 satyrs
  5 tengu warriors
  6 deep troll earth magi
  5 orc high priests
  9 spriggan berserkers
  12 naga sharpshooters
  4 thrashing horrors (Abyss:5)
  3 vampire magi
  Urug (Lair:1)
  11 hell knights
  15 deep elf knights
  A wretched star (Abyss:5)
  4 shock serpents
  A sun demon (Lair:6)
  4 skeletal warriors
  Nergalle (D:12)
  A goliath frog (Zig:4)
  2 salamander mystics (Snake:4)
  4 iron trolls
  A sixfirhy (Abyss:5)
  A spark wasp zombie (Depths:2)
  3 sea snakes
  A spatial maelstrom (Abyss:5)
  A glowing orange brain (Vaults:1)
  An orb spider (shapeshifter) (Depths:3)
  A golden dragon zombie (Depths:2)
  21 deep elf archers
  11 wizards
  3 spriggan druids
  9 lindwurms
  Pikel (D:5)
  18 ironbound convokers
  4 flayed ghosts
  76 deep trolls
  A shadow demon (Zig:3)
  41 deep elf zephyrmancers
  2 naga ritualists
  5 phantasmal warriors
  A swamp dragon (Zig:4)
  10 mana vipers
  27 harpies
  4 necromancers
  8 orc knights
  40 deep elf pyromancers
  A wolf spider (Vaults:5)
  14 manticores
  7 orc sorcerers
  41 ugly things
  A shining eye (Abyss:5)
  3 elephants (Lair:6)
  8 cyclopes
  2 moths of wrath (Lair:6)
  A salamander (shapeshifter) (Vaults:5)
  4 large abominations
  A moth of wrath (shapeshifter) (Vaults:5)
  11 salamanders
  5 water nymphs
  Maurice (D:11)
  20 fauns
  27 vault sentinels
  An eye of devastation (shapeshifter) (Vaults:5)
  An ice statue (IceCv)
  13 naga magi
  6 merfolk sirens
  14 guardian serpents
  Joseph (D:7)
  4 orange demons (Lair:6)
  42 black mambas
  An apocalypse crab (Abyss:5)
  A molten gargoyle (Desolation)
  An eye of devastation (Abyss:5)
  3 gargoyles
  16 cane toads
  2 smoke demons
  An unseen horror (D:7)
  2 kobold demonologists
  7 rime drakes
  2 tormentors
  2 efreet
  An ancient zyme (Abyss:5)
  11 komodo dragons
  2 tengu conjurers (Depths:3)
  27 yaktaurs
  5 freezing wraiths
  28 merfolk
  2 red devils (Lair:6)
  8 wind drakes
  14 trolls
  17 polar bears
  69 saltlings
  A raiju (Abyss:5)
  25 blink frogs
  Prince Ribbit (D:7)
  8 hornets
  30 slime creatures
  9 dream sheep
  8 snapping turtles
  A raiju (shapeshifter) (Vaults:4)
  A centaur simulacrum (D:13)
  2 spriggan skeletons (Depths:2)
  16 starcursed masses
  2 shadows
  A culicivora (shapeshifter) (Vaults:5)
  15 water elementals
  11 wraiths
  3 air elementals
  2 vampires
  7 wyverns
  10 spriggans
  2 ynoxinuls (Abyss:5)
  A hog (shapeshifter) (D:8)
  3 fire elementals
  A human (shapeshifter) (Vaults:5)
  65 yaks
  2 steam dragons
  4 basilisks
  4 redbacks
  4 fire bats (Abyss:5)
  7 vampire mosquitoes
  8 chaos spawn (Abyss:5)
  3 neqoxecs (Abyss:5)
  6 wargs
  Edmund (D:5)
  3 spatial vortices (Abyss:5)
  3 acid dragons
  38 nagas
  A swamp worm (shapeshifter) (D:11)
  8 hell hounds
  A floating eye (Depths:3)
  15 water moccasins
  A floating eye (shapeshifter) (Vaults:5)
  35 orc warriors
  4 ice beasts
  4 black bears
  A necrophage (D:4)
  10 ogres
  4 boggarts (D:14)
  4 lemures (D:5)
  A tengu (Abyss:5)
  42 wolves
  7 centaurs
  2 phantoms
  3 kobold brigands
  2 earth elementals
  2 scorpions
  10 bullfrogs
  2 small abominations
  A wyvern skeleton (D:7)
  10 killer bees
  3 electric eels
  A howler monkey (D:11)
  5 wights (D:8)
  2 hounds
  2 centaur skeletons
  9 jellies
  A gnoll shaman (D:10)
  21 orc priests
  Jessica (D:2)
  4 iguanas
  Ijyb (D:5)
  16 orc wizards
  A scorpion zombie (D:5)
  10 hell rats
  A killer bee zombie (D:7)
  3 hound skeletons
  2 howler monkey zombies
  12 adders
  6 gnolls
  2 howler monkey skeletons (D:7)
  2 shadow imps (D:6)
  15 white imps
  2 worms (D:3)
  2 dart slugs
  112 orcs
  5 ball pythons
  5 bats
  6 endoplasms
  3 giant cockroaches
  3 goblins
  9 hobgoblins
  6 jackals
  8 kobolds
  2 quokkas
  3 frilled lizards
  6 rats
  A butterfly (Lair:6)
2253 creatures vanquished.

Vanquished Creatures (collateral kills)
  Kirke (D:13)
  2 manticores (D:13)
3 creatures vanquished.

Vanquished Creatures (others)
  A walking crystal tome (Depths:3)
  A red draconian (Depths:4)
  A merfolk avatar (Shoals:1)
  A vampire mage (Depths:2)
  A naga ritualist (Snake:3)
  A deep elf pyromancer (Elf:2)
  A wizard (Vaults:1)
  A human (D:13)
  An orc priest (D:5)
  A bullfrog skeleton (D:5)
  43 fungi
  A lurking horror (Abyss:5)
  68 plants
  4 starspawn tentacles (Abyss:5)
126 creatures vanquished.

Grand Total: 2382 creatures vanquished

Notes
Turn   | Place    | Note
-------+----------+-------------------------------------------
     0 | D:1      | frimble the Gnoll Ice Elementalist began the quest for the
                  | Orb.
     0 | D:1      | Reached XP level 1. HP: 13/13 MP: 6/6
   221 | D:1      | Found Sutsakiy's Antique Armour Emporium.
   244 | D:1      | Found Veawk's Antique Armour Emporium.
   264 | D:1      | Found Aberuof's Weapon Shop.
   372 | D:1      | Reached XP level 2. HP: 19/19 MP: 3/7
   980 | D:1      | Found a faded altar of an unknown god.
  1547 | D:2      | Reached skill level 5 in Spellcasting
  1547 | D:2      | Reached XP level 3. HP: 16/25 MP: 3/9
  1549 | D:2      | Reached skill level 1 in Invocations
  1681 | D:2      | Learned a level 3 spell: Frozen Ramparts
  1685 | D:2      | Learned a level 3 spell: Ozocubu's Armour
  1956 | D:2      | Got Sif Muna's Guide on Displaced Summoning
  2066 | D:2      | Noticed Jessica
  2074 | D:2      | Killed Jessica
  2075 | D:2      | Reached skill level 1 in Fighting
  2075 | D:2      | Reached skill level 1 in Short Blades
  2075 | D:2      | Reached skill level 1 in Long Blades
  2075 | D:2      | Reached skill level 1 in Axes
  2075 | D:2      | Reached skill level 1 in Maces & Flails
  2075 | D:2      | Reached skill level 1 in Polearms
  2075 | D:2      | Reached skill level 1 in Staves
  2075 | D:2      | Reached skill level 1 in Slings
  2075 | D:2      | Reached skill level 1 in Bows
  2075 | D:2      | Reached skill level 1 in Crossbows
  2075 | D:2      | Reached skill level 1 in Throwing
  2075 | D:2      | Reached skill level 1 in Armour
  2075 | D:2      | Reached skill level 1 in Shields
  2075 | D:2      | Reached skill level 1 in Unarmed Combat
  2075 | D:2      | Reached skill level 1 in Evocations
  2075 | D:2      | Reached XP level 4. HP: 32/32 MP: 8/11
  2290 | D:2      | Reached skill level 1 in Conjurations
  2290 | D:2      | Reached skill level 1 in Hexes
  2290 | D:2      | Reached skill level 1 in Summonings
  2290 | D:2      | Reached skill level 1 in Necromancy
  2290 | D:2      | Reached skill level 1 in Translocations
  2290 | D:2      | Reached skill level 1 in Transmutations
  2290 | D:2      | Reached skill level 1 in Fire Magic
  2290 | D:2      | Reached skill level 1 in Air Magic
  2290 | D:2      | Reached skill level 1 in Earth Magic
  2290 | D:2      | Reached skill level 1 in Poison Magic
  2399 | D:2      | Identified 2 scrolls of acquirement
  2399 | D:2      | Acquired 653 gold pieces
  2401 | D:2      | Acquired 828 gold pieces
  2482 | D:1      | Bought a pearl-encrusted scale mail for 225 gold pieces
  2482 | D:1      | Identified the +4 scale mail of Failure {*Slow rN++} (You
                  | bought it in a shop on level 1 of the Dungeon)
  2482 | D:1      | Bought a pair of glowing gloves for 187 gold pieces
  2482 | D:1      | Bought a fine leather armour for 175 gold pieces
  2482 | D:1      | Identified the +1 leather armour "Upnuywky" {rN++ Int+3
                  | Dex-5 Slay+5} (You bought it in a shop on level 1 of the
                  | Dungeon)
  2646 | D:3      | Reached XP level 5. HP: 37/37 MP: 9/12
  3286 | D:3      | Found a glowing golden altar of the Shining One.
  3435 | D:4      | Reached XP level 6. HP: 31/44 MP: 13/13
  3682 | D:4      | Reached skill level 5 in Dodging
  3686 | D:4      | HP: 1/44 [ogre/+0 giant club (25)]
  3696 | D:4      | Noticed a necrophage
  3995 | D:4      | Killed a necrophage
  3996 | D:4      | Reached XP level 7. HP: 46/50 MP: 15/15
  4035 | D:4      | Found a snail-covered altar of Cheibriados.
  4059 | D:4      | Became a worshipper of Cheibriados the Contemplative
  4097 | D:4      | You fall into a shaft and drop 2 floors!
  4214 | D:6      | Reached skill level 5 in Stealth
  4222 | D:5      | Entered Level 5 of the Dungeon
  4283 | D:5      | Reached XP level 8. HP: 57/57 MP: 9/16
  4390 | D:5      | Acquired the ring "Karus" {Will+ Int+5}
  4438 | D:5      | Noticed Pikel
  4450 | D:5      | Killed Pikel
  4451 | D:5      | Reached skill level 6 in Spellcasting
  4618 | D:5      | Noticed a hornet
  4618 | D:5      | Noticed a shadow
  4638 | D:5      | Noticed Edmund
  4641 | D:5      | Found a radiant altar of Vehumet.
  4649 | D:5      | Killed Edmund
  4712 | D:5      | Reached * piety under Cheibriados
  4713 | D:5      | Reached XP level 9. HP: 49/65 MP: 10/18
  4726 | D:5      | Noticed Ijyb
  4730 | D:5      | Killed Ijyb
  4929 | D:5      | Found a basalt altar of Yredelemnul.
  4935 | D:5      | Found a transporter.
  4984 | D:5      | Found a transporter.
  4989 | D:5      | Noticed a troll
  5050 | D:5      | Found a staircase to the Ecumenical Temple.
  5562 | D:4      | Found a white marble altar of Elyvilon.
  5624 | D:4      | Found a blossoming altar of Fedhas.
  5842 | D:6      | Found Lafok's Overcharged Wands.
  6107 | D:6      | Reached ** piety under Cheibriados
  6635 | D:8      | Found a transporter.
  6640 | D:8      | Found a transporter.
  6824 | D:8      | Noticed a kobold demonologist
  6830 | D:8      | Noticed an ice devil
  6830 | D:8      | Killed a kobold demonologist
  6831 | D:8      | Reached skill level 5 in Invocations
  6962 | D:7      | Found a shimmering altar of Xom.
  7022 | D:7      | Noticed a troll
  7023 | D:7      | Reached skill level 7 in Spellcasting
  7027 | D:7      | Killed a troll
  7028 | D:7      | Reached XP level 10. HP: 8/73 MP: 13/20
  7033 | D:7      | Noticed Joseph
  7325 | D:7      | Learned a level 5 spell: Fireball
  7346 | D:7      | Killed Joseph
  7347 | D:7      | Reached skill level 5 in Fighting
  7347 | D:7      | Reached skill level 5 in Short Blades
  7347 | D:7      | Reached skill level 5 in Long Blades
  7347 | D:7      | Reached skill level 5 in Axes
  7347 | D:7      | Reached skill level 5 in Maces & Flails
  7347 | D:7      | Reached skill level 5 in Polearms
  7347 | D:7      | Reached skill level 5 in Staves
  7347 | D:7      | Reached skill level 5 in Slings
  7347 | D:7      | Reached skill level 5 in Bows
  7347 | D:7      | Reached skill level 5 in Crossbows
  7347 | D:7      | Reached skill level 5 in Throwing
  7347 | D:7      | Reached skill level 5 in Armour
  7347 | D:7      | Reached skill level 5 in Shields
  7347 | D:7      | Reached skill level 5 in Unarmed Combat
  7347 | D:7      | Reached skill level 5 in Evocations
  7747 | D:7      | Killed an unseen horror
  8042 | D:7      | Reached *** piety under Cheibriados
  8148 | D:7      | Noticed Prince Ribbit
  8164 | D:7      | Killed Prince Ribbit
  8365 | D:8      | Found a transporter.
  8443 | D:8      | Found a sacrificial altar of Ru.
  8979 | D:8      | Found a transporter.
  8984 | D:8      | Found a transporter.
  9052 | D:8      | Found a staircase to the Lair.
  9151 | D:8      | Found a transporter.
  9192 | D:8      | Noticed a two-headed ogre
  9203 | D:8      | Reached **** piety under Cheibriados
  9238 | D:8      | Killed a two-headed ogre
  9239 | D:8      | Reached skill level 8 in Spellcasting
  9467 | D:8      | Noticed a manticore
  9476 | D:8      | Killed a manticore
  9477 | D:8      | Reached XP level 11. HP: 36/81 MP: 17/23
  9924 | D:9      | Found a broken altar of Ashenzari.
  9927 | D:9      | Noticed a two-headed ogre
  9937 | D:9      | Killed a two-headed ogre
  9938 | D:9      | Reached skill level 5 in Conjurations
  9938 | D:9      | Reached skill level 5 in Hexes
  9938 | D:9      | Reached skill level 5 in Summonings
  9938 | D:9      | Reached skill level 5 in Necromancy
  9938 | D:9      | Reached skill level 5 in Translocations
  9938 | D:9      | Reached skill level 5 in Transmutations
  9938 | D:9      | Reached skill level 5 in Fire Magic
  9938 | D:9      | Reached skill level 5 in Air Magic
  9938 | D:9      | Reached skill level 5 in Earth Magic
  9938 | D:9      | Reached skill level 5 in Poison Magic
  9945 | D:9      | Identified the +9 trident "Ysosexz Buvo" {protect, Will+
                  | rCorr Int+9 Dex-2}
 10141 | D:9      | Noticed a two-headed ogre
 10154 | D:9      | Killed a two-headed ogre
 10468 | D:9      | Found a bloodstained altar of Trog.
 10568 | D:9      | Reached skill level 9 in Spellcasting
 10624 | D:9      | Noticed a two-headed ogre
 10629 | D:9      | Killed a two-headed ogre
 10667 | D:9      | Found a burning altar of Makhleb.
 10990 | D:10     | Entered Level 10 of the Dungeon
 10997 | D:10     | Noticed a two-headed ogre
 11002 | D:10     | Killed a two-headed ogre
 11162 | D:10     | Reached ***** piety under Cheibriados
 11631 | D:11     | Noticed Maurice
 11643 | D:11     | Killed Maurice
 11834 | D:11     | Noticed a manticore
 11854 | D:11     | Noticed a cyclops
 11870 | D:11     | Noticed a two-headed ogre
 11883 | D:11     | Killed a two-headed ogre
 11884 | D:11     | Reached XP level 12. HP: 39/89 MP: 19/25
 11887 | D:11     | Noticed a six-headed hydra
 11997 | D:11     | Noticed an ice dragon
 12004 | D:11     | Noticed an azure jelly
 12062 | D:11     | Noticed an eleionoma
 12062 | D:11     | an azure jelly changed into an eleionoma
 12069 | D:11     | Killed a six-headed hydra
 12070 | D:11     | Reached skill level 10 in Spellcasting
 12088 | D:11     | Killed an eleionoma
 12106 | D:11     | Learned a level 5 spell: Irradiate
 12206 | D:11     | Noticed a death knight
 12222 | D:11     | Killed a death knight
 12732 | D:11     | Noticed a death knight
 12747 | D:11     | Killed a death knight
 12945 | D:11     | Noticed Josephine
 12956 | D:11     | Killed Josephine
 12962 | D:11     | Reached skill level 11 in Spellcasting
 13443 | D:11     | Identified the +7 whip of Tuq Ong {speed, rPois Int+7}
 13526 | Lair:1   | Entered Level 1 of the Lair of Beasts
 13526 | Lair:1   | Noticed Sonja
 13527 | Lair:1   | Noticed Sonja
 13527 | Lair:1   | Sonja changed into Sonja the killer bee
 13529 | Lair:1   | Killed Sonja the killer bee
 13853 | Lair:1   | Reached XP level 13. HP: 98/98 MP: 28/28
 14109 | Lair:1   | Reached ****** piety under Cheibriados
 14367 | Lair:1   | Noticed Urug
 14376 | Lair:1   | Killed Urug
 14746 | Lair:2   | Reached skill level 10 in Ice Magic
 15748 | Lair:3   | Reached skill level 12 in Spellcasting
 15786 | Lair:3   | Found a frozen archway.
 15796 | IceCv    | Entered an ice cave
 15973 | IceCv    | Identified the +3 hand axe of Brawling {elec, rF+ Str+4
                  | Int+2}
 16135 | IceCv    | Reached skill level 10 in Dodging
 16139 | IceCv    | Reached XP level 14. HP: 106/106 MP: 25/30
 16391 | IceCv    | Noticed a frost giant
 16410 | IceCv    | Killed a frost giant
 16411 | IceCv    | Reached skill level 10 in Stealth
 16451 | IceCv    | Got the Tome of Ice
 16576 | Lair:3   | Found an opulent altar of Gozag.
 17129 | Lair:4   | Found a staircase to the Shoals.
 17158 | Lair:4   | Learned a level 5 spell: Freezing Cloud
 17289 | Lair:4   | Reached skill level 10 in Invocations
 17401 | Lair:4   | Found a staircase to the Snake Pit.
 17485 | Lair:4   | Reached skill level 13 in Spellcasting
 18160 | Lair:5   | Found a staircase to the Slime Pits.
 18445 | Lair:5   | Noticed an azure jelly
 18449 | Lair:5   | Killed an azure jelly
 18921 | Lair:6   | Entered Level 6 of the Lair of Beasts
 19052 | Lair:6   | Noticed siradein's ghost (journeyman NaIE)
 19053 | Lair:6   | Found a bloodstained altar of Trog.
 19099 | Lair:6   | Found a transporter.
 19100 | Lair:6   | Found a transporter.
 19297 | Lair:6   | Reached XP level 15. HP: 115/115 MP: 32/32
 19666 | Lair:6   | Found a burning altar of Makhleb.
 19682 | Lair:6   | Reached skill level 10 in Fighting
 19682 | Lair:6   | Reached skill level 10 in Short Blades
 19682 | Lair:6   | Reached skill level 10 in Long Blades
 19682 | Lair:6   | Reached skill level 10 in Axes
 19682 | Lair:6   | Reached skill level 10 in Maces & Flails
 19682 | Lair:6   | Reached skill level 10 in Polearms
 19682 | Lair:6   | Reached skill level 10 in Staves
 19682 | Lair:6   | Reached skill level 10 in Slings
 19682 | Lair:6   | Reached skill level 10 in Bows
 19682 | Lair:6   | Reached skill level 10 in Crossbows
 19682 | Lair:6   | Reached skill level 10 in Throwing
 19682 | Lair:6   | Reached skill level 10 in Armour
 19682 | Lair:6   | Reached skill level 10 in Shields
 19682 | Lair:6   | Reached skill level 10 in Unarmed Combat
 19682 | Lair:6   | Reached skill level 10 in Evocations
 19844 | Lair:6   | Found a gateway to Hell.
 19891 | Lair:6   | Reached skill level 14 in Spellcasting
 20412 | Lair:6   | Killed siradein's ghost
 20912 | D:5      | Learned a level 6 spell: Summon Cactus Giant
 21114 | D:12     | Found a runed translucent door.
 21116 | D:12     | Found a shimmering altar of Xom.
 21116 | D:12     | Noticed YayAnonymity's ghost (journeyman GnBe)
 21153 | D:12     | Noticed Nergalle
 21162 | D:12     | Killed Nergalle
 21334 | D:12     | Found a staircase to the Orcish Mines.
 22131 | D:13     | Noticed Nessos
 22141 | D:13     | Killed Nessos
 22200 | D:13     | Found Sukkukh's Magic Scroll Emporium.
 22224 | D:13     | Found Zoutar's Distillery.
 22228 | D:13     | Found Nychoafe's Jewellery Shoppe.
 22332 | D:13     | Noticed Snorg
 22352 | D:13     | Killed Snorg
 22450 | D:13     | Found Qyvvuj's Armour Emporium.
 22467 | D:13     | Noticed Kirke
 22475 | D:13     | Killed Kirke
 22753 | D:14     | Noticed a frost giant
 22754 | D:14     | Noticed Ydeghy's ghost (journeyman OpWr)
 22761 | D:14     | Found a runed translucent gate.
 22761 | D:14     | Found a runed translucent gate.
 22762 | D:14     | Found a runed translucent gate.
 23206 | D:14     | Found a gate to the Vaults.
 23213 | D:14     | Reached XP level 16. HP: 115/123 MP: 30/34
 23295 | D:14     | Found Ganuzunt's General Store.
 23307 | D:14     | Bought a scroll of enchant armour for 105 gold pieces
 23827 | D:14     | Killed Ydeghy's ghost
 23994 | D:15     | Entered Level 15 of the Dungeon
 24351 | D:15     | Reached skill level 15 in Spellcasting
 24534 | D:15     | Identified the +6 falchion "Testudinebane" {protect, Will+
                  | Int+4}
 24554 | D:15     | Found a staircase to the Depths.
 24900 | D:14     | Identified the -7 cloak of the Hot Ocelot {Slay+6}
 24946 | Orc:1    | Entered Level 1 of the Orcish Mines
 25662 | Orc:2    | Entered Level 2 of the Orcish Mines
 25844 | Orc:2    | Noticed Donald
 25858 | Orc:2    | Killed Donald
 26189 | Orc:2    | Found a staircase to the Elven Halls.
 26253 | Orc:2    | Noticed Azrael
 26267 | Orc:2    | Killed Azrael
 26754 | Orc:2    | Found Madyo's Jewellery Boutique.
 26754 | Orc:2    | Found Coxzed's Armour Emporium.
 26764 | Orc:2    | Found Fijeplip's Armour Emporium.
 26764 | Orc:2    | Found Affiofri's Jewellery Boutique.
 26775 | Orc:2    | Bought a +1 pair of boots of stealth for 181 gold pieces
 26788 | Orc:2    | Acquired 1172 gold pieces
 27181 | Orc:2    | Bought a +2 helmet for 214 gold pieces
 27222 | Elf:1    | Entered Level 1 of the Elven Halls
 27641 | Elf:1    | Reached XP level 17. HP: 131/131 MP: 36/36
 28229 | Elf:1    | Reached skill level 16 in Spellcasting
 28703 | Elf:2    | Paralysed by an air elemental for 1 turns
 28830 | Elf:2    | Found a runed translucent gate.
 28830 | Elf:2    | Found a runed translucent gate.
 28833 | Elf:2    | Found a runed translucent gate.
 29092 | Elf:2    | Reached skill level 10 in Conjurations
 29092 | Elf:2    | Reached skill level 10 in Hexes
 29092 | Elf:2    | Reached skill level 10 in Summonings
 29092 | Elf:2    | Reached skill level 10 in Necromancy
 29092 | Elf:2    | Reached skill level 10 in Translocations
 29092 | Elf:2    | Reached skill level 10 in Transmutations
 29092 | Elf:2    | Reached skill level 10 in Fire Magic
 29092 | Elf:2    | Reached skill level 10 in Air Magic
 29092 | Elf:2    | Reached skill level 10 in Earth Magic
 29092 | Elf:2    | Reached skill level 10 in Poison Magic
 30049 | Elf:3    | Entered Level 3 of the Elven Halls
 30124 | Elf:3    | Reached XP level 18. HP: 39/140 MP: 4/38
 30418 | Elf:3    | Found Xuxusk's Magic Scroll Shop.
 31209 | Elf:3    | Reached skill level 17 in Spellcasting
 31215 | Elf:3    | Paralysed by an air elemental for 1 turns
 31240 | Elf:3    | Noticed a deep elf master archer
 31248 | Elf:3    | Killed a deep elf master archer
 31264 | Elf:3    | Noticed a deep elf master archer
 31271 | Elf:3    | Killed a deep elf master archer
 31281 | Elf:3    | Noticed a deep elf blademaster
 31620 | Elf:3    | Noticed a deep elf blademaster
 31622 | Elf:3    | Killed a deep elf blademaster
 31628 | Elf:3    | Killed a deep elf blademaster
 31730 | Elf:3    | Identified the +4 halberd of Blood {vorpal, rElec rC+
                  | Str+4}
 31864 | Elf:3    | Noticed a deep elf master archer
 31881 | Elf:3    | Killed a deep elf master archer
 32047 | Elf:3    | Identified the +9 falchion of the Sneaky Interlopers
                  | {vorpal, +Blink}
 32139 | Elf:3    | Identified the +3 long sword of the Abyss {vamp, rCorr
                  | Int+4}
 32143 | Elf:3    | Got the Tome of Supportive Sinister Magic
 32215 | Elf:3    | Reached XP level 19. HP: 23/148 MP: 26/40
 32264 | Elf:3    | Identified the +1 cloak of the Locust {Stlth+}
 32381 | Elf:3    | Got the Catalogue of the Lamprey
 32400 | Elf:3    | Got the Collected Works on Conjuration
 32880 | Snake:1  | Entered Level 1 of the Snake Pit
 33113 | Snake:1  | Identified the +8 trident of the Unstoppable Tales {freeze,
                  | rElec rC+}
 33185 | Snake:1  | Identified the +9 dagger of Proximity {freeze, rC+ Dex+4}
 33591 | Snake:1  | Found a hazy altar of Hepliaklqana.
 34702 | Snake:2  | Identified the +12 plate armour of the Stone Wall {Harm
                  | *Slow rPois MP+9}
 34768 | Snake:3  | Reached skill level 18 in Spellcasting
 35134 | Snake:3  | Noticed Vashnia
 35150 | Snake:3  | Killed Vashnia
 35430 | Snake:3  | Noticed Asterion
 35436 | Snake:3  | HP: 3/149 [Asterion/bolt of lightning (8)]
 35442 | Snake:3  | Killed Asterion
 35456 | Snake:3  | Learned a level 2 spell: Blink
 35459 | Snake:3  | Learned a level 2 spell: Passwall
 35464 | Snake:3  | Learned a level 4 spell: Passage of Golubria
 35581 | Snake:3  | Noticed Aizul
 35597 | Snake:3  | Killed Aizul
 36331 | Snake:4  | Entered Level 4 of the Snake Pit
 36950 | Snake:4  | Noticed Saint Roka
 36973 | Snake:4  | Killed Saint Roka
 36974 | Snake:4  | Reached XP level 20. HP: 92/157 MP: 23/42
 38193 | Snake:4  | Got a serpentine rune of Zot
 38464 | Shoals:1 | Entered Level 1 of the Shoals
 38686 | Shoals:1 | Noticed Frances
 38696 | Shoals:1 | Killed Frances
 38790 | Shoals:1 | Noticed Louise
 38818 | Shoals:1 | Killed Louise
 39341 | Shoals:1 | Reached skill level 19 in Spellcasting
 39627 | Shoals:2 | Reached skill level 15 in Invocations
 39709 | Shoals:2 | Noticed Ilsuiw
 39848 | Shoals:2 | Killed Ilsuiw
 40257 | Shoals:2 | Noticed Polyphemus
 40272 | Shoals:2 | Killed Polyphemus
 40415 | Shoals:2 | You fall into a shaft and drop 1 floor!
 40423 | Shoals:3 | Reached skill level 15 in Throwing
 41344 | Shoals:4 | Entered Level 4 of the Shoals
 41763 | Shoals:4 | Reached XP level 21. HP: 149/165 MP: 40/44
 41982 | Shoals:4 | Got a barnacled rune of Zot
 43098 | Vaults:1 | Entered Level 1 of the Vaults
 43190 | Vaults:1 | Reached skill level 15 in Dodging
 43254 | Vaults:1 | Found a crumbling gateway.
 43258 | Desolati | Entered the Desolation of Salt
 43354 | Desolati | Reached skill level 15 in Stealth
 43356 | Desolati | Identified the ring "Yshu" {rElec rPois MP+9}
 43437 | Desolati | Got Xin Sank's Collected Works on Bewitchment and Creation
 43556 | Desolati | Found the +9 heavy crossbow "Sniper" {vorpal, Acc+∞ SInv}
 43690 | Desolati | Got the Grimoire of Inference
 43881 | Desolati | Reached skill level 20 in Spellcasting
 44244 | Desolati | Identified the amulet "Funainin" {Acrobat rPois Dex+9
                  | Stlth-}
 44359 | Desolati | Got the Compendium of Black Rites
 44462 | Desolati | Identified the ring "Bom Xoili" {rF+ Int+4 SInv}
 44467 | Desolati | Identified the ring "Kisiwis" {Fly rElec rN+ AC+4 Int+5}
 44549 | Desolati | Identified the +7 spear of Nietwuc {holy, Str+5 Int-4}
 45012 | Vaults:1 | Reached XP level 22. HP: 33/174 MP: 31/46
 46156 | Vaults:1 | Reached skill level 15 in Fighting
 46156 | Vaults:1 | Reached skill level 15 in Short Blades
 46156 | Vaults:1 | Reached skill level 15 in Long Blades
 46156 | Vaults:1 | Reached skill level 15 in Axes
 46156 | Vaults:1 | Reached skill level 15 in Maces & Flails
 46156 | Vaults:1 | Reached skill level 15 in Polearms
 46156 | Vaults:1 | Reached skill level 15 in Staves
 46156 | Vaults:1 | Reached skill level 15 in Slings
 46156 | Vaults:1 | Reached skill level 15 in Bows
 46156 | Vaults:1 | Reached skill level 15 in Crossbows
 46156 | Vaults:1 | Reached skill level 15 in Armour
 46156 | Vaults:1 | Reached skill level 15 in Shields
 46156 | Vaults:1 | Reached skill level 15 in Unarmed Combat
 46156 | Vaults:1 | Reached skill level 15 in Evocations
 46405 | Vaults:2 | Noticed Xtahua
 46418 | Vaults:2 | Killed Xtahua
 47713 | Vaults:3 | Found Veoxtaomp's Antique Armour Shop.
 48087 | Vaults:3 | Reached skill level 21 in Spellcasting
 48679 | Vaults:3 | Reached XP level 23. HP: 182/182 MP: 48/48
 48937 | Vaults:3 | Found a staircase to the Crypt.
 49106 | Vaults:3 | Noticed Boris
 49130 | Vaults:3 | Killed Boris
 50008 | Vaults:4 | Reached skill level 15 in Ice Magic
 50866 | Vaults:5 | Entered Level 5 of the Vaults
 50903 | Vaults:4 | Identified the +3 plate armour of Nibbobb {Will+}
 51139 | Depths:1 | Entered Level 1 of the Depths
 51158 | Depths:1 | Found a one-way gate to the infinite horrors of the Abyss.
 51173 | Depths:1 | Acquired a book of Cantrips
 51198 | Depths:1 | Learned a level 1 spell: Apportation
 51265 | Depths:1 | Voluntarily entered the Abyss.
 51509 | Abyss:4  | Found a corrupted altar of Lugonu.
 51517 | Abyss:5  | Entered Level 5 of the Abyss
 51730 | Abyss:5  | Found a corrupted altar of Lugonu.
 51777 | Abyss:5  | Paralysed by accursed screaming for 2 turns
 51780 | Abyss:5  | Paralysed by accursed screaming for 2 turns
 51781 | Abyss:5  | Found a corrupted altar of Lugonu.
 52025 | Abyss:5  | Noticed an ancient lich
 52025 | Abyss:5  | Noticed an ancient lich
 52025 | Abyss:5  | Noticed a dread lich
 52025 | Abyss:5  | Noticed an ancient lich
 52028 | Abyss:5  | Killed an ancient lich
 52028 | Abyss:5  | Killed an ancient lich
 52028 | Abyss:5  | Killed an ancient lich
 52030 | Abyss:5  | Killed a dread lich
 52043 | Abyss:5  | Reached skill level 22 in Spellcasting
 52043 | Abyss:5  | Reached XP level 24. HP: 155/190 MP: 47/49
 52043 | Abyss:5  | Reached XP level 25. HP: 160/196 MP: 47/49
 52043 | Abyss:5  | Got an abyssal rune of Zot
 52053 | Abyss:5  | Noticed a dread lich
 52070 | Abyss:5  | Killed a dread lich
 52073 | Depths:1 | Escaped the Abyss
 52133 | Depths:1 | You are sucked into a shaft and drop 1 floor!
 52439 | Depths:1 | Found Qagib's Gadget Gallery.
 52448 | Depths:1 | Bought a tin of tremorstones (2/2) for 640 gold pieces
 53578 | Depths:2 | Reached XP level 26. HP: 105/205 MP: 15/49
 53877 | Depths:2 | Found a portal to a secret trove of treasure.
 53980 | Depths:2 | Found a one-way gate leading to the halls of Pandemonium.
 55548 | Depths:3 | Found an ornate altar of the Wu Jian Council.
 55844 | Depths:3 | Noticed a juggernaut
 55858 | Depths:3 | Killed a juggernaut
 55939 | Depths:3 | Found the +3 sling "Punk" {acid, rCorr}
 56876 | Depths:4 | Entered Level 4 of the Depths
 57117 | Depths:4 | Reached skill level 23 in Spellcasting
 58043 | Depths:3 | Reached XP level 27. HP: 173/214 MP: 48/50
 58494 | Depths:4 | Found a one-way gateway to a ziggurat.
 59799 | Depths:4 | Found a gate to the Realm of Zot.
 60300 | Vaults:5 | Found the +3 pair of seven-league boots {Rampage+∞}
 60327 | Vaults:5 | Noticed an ancient lich
 60345 | Vaults:5 | Killed an ancient lich
 60831 | Vaults:5 | Noticed Margery
 60846 | Vaults:5 | Killed Margery
 60847 | Vaults:5 | Reached skill level 15 in Conjurations
 60847 | Vaults:5 | Reached skill level 15 in Hexes
 60847 | Vaults:5 | Reached skill level 15 in Summonings
 60847 | Vaults:5 | Reached skill level 15 in Necromancy
 60847 | Vaults:5 | Reached skill level 15 in Translocations
 60847 | Vaults:5 | Reached skill level 15 in Transmutations
 60847 | Vaults:5 | Reached skill level 15 in Fire Magic
 60847 | Vaults:5 | Reached skill level 15 in Air Magic
 60847 | Vaults:5 | Reached skill level 15 in Earth Magic
 60847 | Vaults:5 | Reached skill level 15 in Poison Magic
 61356 | Vaults:5 | Found the +3 Mad Mage's Maulers {Infuse+∞ RegenMP Int-3}
 61380 | Vaults:5 | Got the Handbook of the Supportive Glacier
 61608 | Vaults:5 | Identified the +12 battleaxe of Beurgh {vorpal, rF+ Int+4
                  | Dex+3}
 61655 | Vaults:5 | Noticed an ancient lich
 61657 | Vaults:5 | Identified the +5 hunting sling of Benevolence {speed,
                  | Str+2 Int+5 SInv}
 61657 | Vaults:5 | Identified the ring of Georr {rElec rF+ AC+4 Dex+3 Slay-5}
 61672 | Vaults:5 | Killed an ancient lich
 61673 | Vaults:5 | Reached skill level 24 in Spellcasting
 61879 | Vaults:5 | Found Cabav's Magic Scroll Emporium.
 61895 | Vaults:5 | Found Dofuper's Distillery.
 61943 | Vaults:5 | Found Ihurgh's Magic Scroll Shop.
 61943 | Vaults:5 | Found Wirac Vopp's Distillery.
 61948 | Vaults:5 | Bought a scroll of magic mapping for 70 gold pieces
 61955 | Vaults:5 | Bought a potion of cancellation for 152 gold pieces
 61955 | Vaults:5 | Bought a potion of berserk rage for 95 gold pieces
 61955 | Vaults:5 | Bought 2 potions of curing for 114 gold pieces
 61955 | Vaults:5 | Bought 2 potions of curing for 114 gold pieces
 61955 | Vaults:5 | Bought a potion of mutation for 152 gold pieces
 61955 | Vaults:5 | Bought a potion of might for 76 gold pieces
 61970 | Vaults:5 | Found Raseheomn's Distillery.
 61970 | Vaults:5 | Noticed Sojobo
 61974 | Vaults:5 | Killed Sojobo
 62047 | Vaults:5 | Bought a potion of attraction for 51 gold pieces
 62047 | Vaults:5 | Bought a potion of brilliance for 68 gold pieces
 62047 | Vaults:5 | Bought a potion of brilliance for 68 gold pieces
 62047 | Vaults:5 | Bought a potion of resistance for 170 gold pieces
 62047 | Vaults:5 | Bought a potion of attraction for 51 gold pieces
 62047 | Vaults:5 | Bought a potion of might for 68 gold pieces
 62047 | Vaults:5 | Bought 2 potions of might for 136 gold pieces
 62058 | Vaults:5 | Found Geratef's Distillery.
 62058 | Vaults:5 | Found Yruakerhyf's Distillery.
 62085 | Vaults:5 | Bought a potion of curing for 48 gold pieces
 62085 | Vaults:5 | Bought a potion of curing for 48 gold pieces
 62085 | Vaults:5 | Bought a potion of curing for 48 gold pieces
 62085 | Vaults:5 | Bought a potion of brilliance for 64 gold pieces
 62092 | Vaults:5 | Bought a potion of resistance for 160 gold pieces
 62092 | Vaults:5 | Bought a potion of curing for 48 gold pieces
 62092 | Vaults:5 | Bought a potion of magic for 128 gold pieces
 62092 | Vaults:5 | Bought a potion of might for 64 gold pieces
 62142 | Vaults:5 | Got a silver rune of Zot
 62384 | Vaults:5 | Got the Almanac of the Rocks
 62511 | Vaults:5 | Learned a level 8 spell: Ignition
 62521 | Vaults:5 | Learned a level 9 spell: Shatter
 62847 | Zig:1    | Entered Level 1 of a ziggurat
 62872 | Zig:2    | Entered Level 2 of a ziggurat
 62909 | Zig:3    | Entered Level 3 of a ziggurat
 62912 | Zig:3    | Noticed Bomog the pandemonium lord
 62912 | Zig:3    | Found the +7 Throatcutter {drain, coup de grace}
 62922 | Zig:3    | Killed Bomog the pandemonium lord
 63044 | Zig:4    | Entered Level 4 of a ziggurat
 63171 | Zig:4    | Learned a level 8 spell: Necromutation
 63172 | Zig:5    | Entered Level 5 of a ziggurat
 63176 | Zig:5    | Noticed Puugye the pandemonium lord
 63192 | Zig:5    | Killed from afar by Puugye the pandemonium lord

Illustrated notes

Levels and vault maps discovered:
D:1:      lightli_arrival_isolated_outpost, layout_loops_ring, serial_shops,
          shop, nicolae_shop_statue_plus, shop,
          shapermc_ecumenical_altar_hornbeckon, minmay_misc_feat_iff,
          nrook_mini_vaults, st_stairs_2, minmay_door_square,
          serial_bayou_lake_a
D:2:      layout_loops_corners, uniq_jessica
D:3:      layout_rooms, tso_metal_star, minmay_checkerbox
D:4:      layout_rooms, fedhas_ov_isle_minmay, kennysheep_slug_shrine,
          elyvilon_altar_1, serial_curves, eino_curves_04, eino_curves_04
D:5:      layout_basic, gammafunk_temple_overflow_arena, fiery_altar_vehumet,
          minmay_temple_entry_poolview, hangedman_decor_clover_reticule,
          small_statue_alley_b, uniq_ijyb, uniq_pikel, uniq_edmund
D:6:      layout_loops_ring, nicolae_shop_overcharged_wands
D:7:      layout_basic, general_overflow_altar, minmay_manual_mail,
          uniq_prince_ribbit1, uniq_joseph
D:8:      kennysheep_windowed_halls, layout_rooms,
          nicolae_ru_great_annihilating_truth, grunt_lair_entry_orc_guard_hut,
          chequers_serial_rivers_micro_c, serial_nicolae_subway,
          nicolae_sub_station_crystal, nicolae_sub_station_stone,
          nicolae_sub_station_metal
D:9:      layout_loops_ring, cheibrodos_ashenzari_chains, marbit_many_paths,
          lightli_temple_of_fire, kennysheep_donut
D:10:     layout_cave_pools
D:11:     layout_loops_corners, minmay_fractal_squares_gapless_7, uniq_maurice,
          uniq_josephine
D:12:     layout_roguey, david_orc_5, ebering_ghost_xom, wad_rectangle_vault,
          uniq_nergalle
D:13:     layout_rooms, serial_shops, shop, shop, nicolae_shop_stone,
          kennysheep_mini_moat, uniq_nessos, uniq_snorg, uniq_kirke
D:14:     layout_cave_pods, david_vaults_2, minmay_misc_feat_columns,
          serial_shops, nicolae_shop_crystal, gammafunk_ghost_split,
          minmay_hedge_maze
D:15:     grunt_enter_depths_snipers, layout_layer_cave,
          minmay_misc_feat_nine_boxes
Lair:1:   layout_big_grid, chequers_serial_rivers_micro_c,
          nicolae_lair_lindhole, uniq_sonja, uniq_urug
Lair:2:   layout_roguey
Lair:3:   layout_regular_city, basic_altar, portal_ice_cave_entry_imps,
          serial_bayou_shore_b, infiniplex_staircase_pool, grunt_megastairs_3
Lair:4:   layout_loops_ring, shoals_dummy_entry, minmay_snake_entry_spellcaster,
          serial_bayou, serial_bayou_pond_b, serial_bayou_pond_c,
          serial_bayou_pond_b, serial_bayou_ford_a, grunt_megastairs_2,
          infiniplex_staircase_pool_2
Lair:5:   layout_roguey, slime_dummy, nicolae_lair_time_for_slime,
          serial_bayou_shore_a, lemuel_fruit_fields
Lair:6:   evil_forest, layout_gridlike, gammafunk_ghost_wrathful_warriors,
          eino_small_chamber_without_monster
Shoals:1: layout_shoals, nicolae_shoals_so_close, uniq_louise, uniq_frances
Shoals:2: layout_shoals, uniq_polyphemus, uniq_ilsuiw
Shoals:3: layout_shoals
Shoals:4: shoals_end_grunt_ice, layout_shoals
Snake:1:  layout_layer_cave, basic_altar, hangedman_corner_corridor,
          serial_bayou_shore_b
Snake:2:  layout_onion, lemuel_fruit_tree
Snake:3:  layout_misc_corridors, uniq_vashnia, uniq_aizul, uniq_asterion
Snake:4:  hellmonk_snake_rune_quicksilver_temple, layout_gridlike,
          nicolae_snake_gridmaze_squiggle, grunt_megastairs_5, uniq_saint_roka
Orc:1:    layout_caves, lightli_orcish_oven
Orc:2:    grunt_orc_tribal_feast, layout_caves, mines2_david, uniq_donald,
          uniq_azrael
Elf:1:    nicolae_elf_arrival_no_cutting_in_line, layout_gridlike,
          hangedman_elven_crosses_minicolossus, elves_outpost_lemuel
Elf:2:    elven_hall_of_blades_hangedman_original [nicolae_blade_lattice],
          layout_loops_corners, hex_large
Elf:3:    minmay_elf_hall_hex, layout_geoelf_castle, serial_shops, shop
Vaults:1: portal_desolation_entry_nicolae_nacl, dpeg_vaults_waves, v_misc_33,
          dpeg_vaults_monster_row, nicolae_vaults_yaktaur_gun_rack,
          nicolae_vaults_twisting_passages, vaults_dpeg_hooks,
          grunt_vaults_hallway_short, ontoclasm_vaults_loading_screen,
          layout_vaults_ring
Vaults:2: v_misc_23, vaults_mumra_minichess_inversion,
          hangedman_vaults_river_flow, vaults_room_boxed,
          grunt_vaults_trifunnel, vaults_dpeg_diagonal,
          ontoclasm_vaults_shuriken, layout_vaults_omnigrid, uniq_xtahua
Vaults:3: hangedman_vaults_maws, v_misc_19, nicolae_vaults_big_ls,
          nicolae_vaults_display_case, minmay_crypt_entry_simple_round,
          nicolae_vaults_little_squares_2, v_rooms_4,
          nicolae_vaults_network_barrier, serial_ice_b, layout_vaults_omnicross,
          serial_shops, shop, uniq_boris
Vaults:4: vaults_dpeg_ring, hangedman_vaults_locks, v_pattern_3, st_star,
          hangedman_vaults_restitches, ontoclasm_vaults_twist,
          layout_vaults_omnibox
Vaults:5: serial_shops, uniq_sojobo, uniq_margery
Depths:1: layout_gridlike, serial_co_window_serial, co_window_of_opportunity_a,
          co_window_of_opportunity_a, co_window_cross_1,
          co_window_of_opportunity_a, co_window_paths_b, co_window_corner_ca,
          co_window_of_opportunity_c, co_window_2corner, co_window_corner_cb,
          co_window_unsneaky_path_c, co_window_sun, glass_columns_c,
          glass_columns_c, glass_columns_a, glass_columns_a, hell_entry,
          grunt_decor_arrowhead, abyss_entry, nicolae_shop_gadgets
Depths:2: minmay_inside_and_out, layout_cave_pools, wad_floor_pattern_untrapped,
          pan_entry, enter_trove_5, grunt_hell_entry_dis_mu,
          kennysheep_generic_room_3
Depths:3: minmay_nested_s, layout_honeycomb, hangedman_abyss_entry_splay,
          pf_hell_entry_great_geh, chequers_serial_rivers_small_3,
          pdpol_wu_jian_five_deadly_venoms
Depths:4: lemuel_castle_with_subvaults [lemuel_castle_interior_carwin_3],
          layout_basic, enter_ziggurat_f, hell_entry, abyss_entry,
          hangedman_decor_growths
Zig:5

Skill      XL: |  1  2  3  4  5  6  7  8  9 10 11 12 13 14 15 16 17 18 19 20 21 22 23 24 25 26 27 |
---------------+----------------------------------------------------------------------------------+-----
Spellcasting   | 5 6 7 8 9 11 12 13 14 15 16 17 18 19 20 21 22 23 24 | 24.1
Invocations    | 1 2 3 4 5 6 7 8 9 10 11 12 13 14 15 16 17 18 19 | 19.4
Fighting       | 1 2 3 4 5 6 7 8 9 10 11 12 13 14 15 16 17 18 | 18.0
Short Blades   | 1 2 3 4 5 6 7 8 9 10 11 12 13 14 15 16 17 18 | 18.0
Long Blades    | 1 2 3 4 5 6 7 8 9 10 11 12 13 14 15 16 17 18 | 18.0
Axes           | 1 2 3 4 5 6 7 8 9 10 11 12 13 14 15 16 17 18 | 18.0
Maces & Flails | 1 2 3 4 5 6 7 8 9 10 11 12 13 14 15 16 17 18 | 18.0
Polearms       | 1 2 3 4 5 6 7 8 9 10 11 12 13 14 15 16 17 18 | 18.0
Staves         | 1 2 3 4 5 6 7 8 9 10 11 12 13 14 15 16 17 18 | 18.0
Slings         | 1 2 3 4 5 6 7 8 9 10 11 12 13 14 15 16 17 18 | 18.0
Bows           | 1 2 3 4 5 6 7 8 9 10 11 12 13 14 15 16 17 18 | 18.0
Crossbows      | 1 2 3 4 5 6 7 8 9 10 11 12 13 14 15 16 17 18 | 18.0
Throwing       | 1 2 3 4 5 6 7 8 9 10 11 12 14 15 16 17 18 19 20 21 | 21.6
Armour         | 1 2 3 4 5 6 7 8 9 10 11 12 13 14 15 16 17 18 | 18.0
Shields        | 1 2 3 4 5 6 7 8 9 10 11 12 13 14 15 16 17 18 | 18.0
Unarmed Combat | 1 2 3 4 5 6 7 8 9 10 11 12 13 14 15 16 17 18 | 18.0
Evocations     | 1 2 3 4 5 6 7 8 9 10 11 12 13 14 15 16 17 18 | 18.0
Conjurations   | 1 2 3 4 5 6 7 8 9 10 11 12 13 14 15 | 15.3
Hexes          | 1 2 3 4 5 6 7 8 9 10 11 12 13 14 15 | 15.3
Summonings     | 1 2 3 4 5 6 7 8 9 10 11 12 13 14 15 | 15.3
Necromancy     | 1 2 3 4 5 6 7 8 9 10 11 12 13 14 15 | 15.3
Translocations | 1 2 3 4 5 6 7 8 9 10 11 12 13 14 15 | 15.3
Transmutations | 1 2 3 4 5 6 7 8 9 10 11 12 13 14 15 | 15.3
Fire Magic     | 1 2 3 4 5 6 7 8 9 10 11 12 13 14 15 | 15.3
Air Magic      | 1 2 3 4 5 6 7 8 9 10 11 12 13 14 15 | 15.3
Earth Magic    | 1 2 3 4 5 6 7 8 9 10 11 12 13 14 15 | 15.3
Poison Magic   | 1 2 3 4 5 6 7 8 9 10 11 12 13 14 15 | 15.3
Dodging        | 5 6 7 8 9 10 11 12 13 14 15 16 17 18 | 18.4
Stealth        | 5 6 7 8 9 10 11 12 13 14 15 16 17 18 | 18.4
Ice Magic      | 8 9 10 11 12 13 14 15 16 | 16.7

Action                   |  1- 3 |  4- 6 |  7- 9 | 10-12 | 13-15 | 16-18 | 19-21 | 22-24 | 25-27 || total
-------------------------+-------+-------+-------+-------+-------+-------+-------+-------+-------++-------
Melee: Unarmed           |    65 |    47 |     1 |       |       |       |       |       |       ||   113
       Bite              |     8 |     8 |    10 |    33 |   102 |   101 |   228 |   309 |   456 ||  1255
       Punch             |       |     1 |     6 |    16 |    59 |    53 |   154 |   261 |   356 ||   906
       War axe           |       |    27 |   132 |    99 |       |       |       |       |       ||   258
       Trident           |       |       |       |   200 |   833 |   856 |  1820 |  1634 |  2001 ||  7344
Throw: Dart              |       |       |       |     7 |       |       |       |       |       ||     7
       Javelin           |       |       |       |       |     5 |       |     2 |       |    21 ||    28
 Cast: Freeze            |    32 |    33 |       |     7 |       |       |       |       |       ||    72
       Ozocubu's Armour  |       |     2 |    12 |    24 |    20 |    29 |    29 |     9 |    14 ||   139
       Frozen Ramparts   |       |     1 |    12 |    23 |    23 |    21 |    14 |     7 |     1 ||   102
       Fireball          |       |       |       |    12 |    13 |    55 |     5 |       |       ||    85
       Irradiate         |       |       |       |     2 |    18 |    13 |    49 |    30 |    86 ||   198
       Freezing Cloud    |       |       |       |       |    42 |    50 |    72 |    21 |    63 ||   248
       Summon Cactus Gia |       |       |       |       |     5 |       |       |       |       ||     5
       Blink             |       |       |       |       |       |       |     3 |     2 |    19 ||    24
       Passage of Golubr |       |       |       |       |       |       |     2 |       |       ||     2
       Passwall          |       |       |       |       |       |       |       |     4 |       ||     4
       Apportation       |       |       |       |       |       |       |       |     1 |       ||     1
       Ignition          |       |       |       |       |       |       |       |       |     9 ||     9
       Necromutation     |       |       |       |       |       |       |       |       |     1 ||     1
Invok: Slouch            |       |       |       |     1 |     2 |     9 |     4 |     6 |     5 ||    27
       Step From Time    |       |       |       |       |       |       |     1 |       |     1 ||     2
       Temporal Distorti |       |       |       |       |       |       |     1 |     1 |       ||     2
Evoke: Wand              |       |       |       |     1 |     4 |    11 |     5 |     5 |     2 ||    28
       Condenser vane    |       |       |       |       |       |       |     3 |     2 |     1 ||     6
       Tin of tremorston |       |       |       |       |       |       |       |       |     1 ||     1
  Use: Scroll            |     3 |     2 |     9 |     8 |    11 |     6 |     7 |     8 |    11 ||    65
       Potion            |       |       |       |     3 |       |     4 |     5 |       |     3 ||    15
 Stab: Sleeping          |     4 |     4 |     5 |    13 |    32 |    28 |    48 |    22 |    23 ||   179
       Paralysed         |       |       |       |     1 |       |       |     1 |       |       ||     2
       Distracted        |       |       |       |       |     6 |    10 |     6 |     5 |     9 ||    36
       Petrified         |       |       |       |       |       |       |       |     4 |       ||     4
Armor: Robe              |    25 |     2 |       |       |       |       |       |       |       ||    27
       Leather armour    |       |    31 |    64 |   134 |   359 |   203 |   506 |       |       ||  1297
       Troll leather arm |       |       |       |       |       |       |       |   481 |   587 ||  1068
Dodge: Dodged            |    56 |    61 |   110 |   271 |   819 |   491 |  1502 |  1531 |  1791 ||  6632

Table legend: (Time is in decaauts)
 A = Elapsed time spent in this place.
 B = Non-inter-level travel time spent in this place.
 C = Inter-level travel time spent in this place.
 D = Time resting spent in this place.
 E = Time spent auto-exploring this place.
 F = Levels seen in this place.
 G = Mean time per level.
                   A        B        C        D        E       F      G
               +--------+--------+--------+--------+--------+-----+--------+
         Total |  90987 |  82679 |   8308 |   1775 |  62779 |  55 | 1654.3 |
       Dungeon |  24855 |  22076 |   2779 |    473 |  18329 |  15 | 1657.0 |
          Lair |  10790 |   9641 |   1149 |    104 |   7614 |   6 | 1798.3 |
        Shoals |   6595 |   6247 |    348 |    246 |   4552 |   4 | 1648.8 |
     Snake Pit |   8109 |   7807 |    302 |    207 |   6084 |   4 | 2027.2 |
  Orcish Mines |   3598 |   3073 |    525 |      0 |   2377 |   2 | 1799.0 |
   Elven Halls |   7871 |   7357 |    514 |    337 |   5208 |   3 | 2623.7 |
        Vaults |  12883 |  11616 |   1267 |     19 |   8607 |   5 | 2576.6 |
        Depths |  11861 |  10440 |   1421 |    268 |   7763 |   4 | 2965.2 |
         Abyss |   1086 |   1086 |      0 |      2 |    379 |   5 |  217.2 |
      Ziggurat |    397 |    397 |      0 |    108 |    132 |   5 |   79.4 |
      Ice Cave |   1008 |   1008 |      0 |      8 |    546 |   1 | 1008.0 |
    Desolation |   1929 |   1929 |      0 |      3 |   1186 |   1 | 1929.0 |
               +--------+--------+--------+--------+--------+-----+--------+

Top non-repeatable levels by time:
   Elf:3: 3600 daAuts
Depths:3: 3383 daAuts
Depths:4: 3303 daAuts
 Snake:4: 3047 daAuts
    D:11: 2781 daAuts
Depths:1: 2683 daAuts
Vaults:3: 2625 daAuts
Vaults:5: 2622 daAuts
Vaults:1: 2612 daAuts
     D:8: 2609 daAuts
Vaults:4: 2574 daAuts
Depths:2: 2491 daAuts
Vaults:2: 2448 daAuts
   Elf:1: 2390 daAuts
  Lair:6: 2353 daAuts
